 Dungeon Crawl Stone Soup version 0.28.0-45-g0d030f2227 (webtiles) character file.

Game seed: 1574456943705944146

109 rukichi the Skirmisher (level 4, -1/40 HPs)
             Began as a Ghoul Monk on Apr 4, 2022.
             Was a Priest of Nemelex Xobeh.
             Slain by a gnoll
             ... wielding a +0 flail
              (9 damage)
             ... on level 3 of the Dungeon.
             The game lasted 00:25:17 (2451 turns).

rukichi the Skirmisher (Ghoul Monk)                 Turns: 2451, Time: 00:25:17

Health: -1/40      AC:  6    Str: 14    XL:     4   Next: 89%
Magic:  3/3        EV: 10    Int:  5    God:    Nemelex Xobeh [***...]
Gold:   95         SH:  0    Dex: 19    Spells: 3/3 levels left

rFire   + . .      SeeInvis .   d - +0 whip (freeze)
rCold   + + .      Faith    .   (no shield)
rNeg    + + +      Spirit   .   n - +0 scale mail
rPois   ∞          Reflect  .   (no helmet)
rElec   .          Harm     .   j - scarf {rC+ rF+}
rCorr   .          Rampage  .   (no gloves)
Will    +....                   (no boots)
Stlth   +.........              (no amulet)
HPRegen 0.00/turn               c - +6 ring of dexterity
MPRegen 0.08/turn               f - ring of willpower

@: inhibited regen
A: claws 1, cold resistance 1, negative energy resistance 3, inhibited
regeneration, torment resistance 2
a: Renounce Religion, Draw Escape, Draw Destruction, Draw Summoning, Triple Draw


You were on level 3 of the Dungeon.
You worshipped Nemelex Xobeh.
Nemelex Xobeh was most pleased with you.
You visited 1 branch of the dungeon, and saw 3 of its levels.

You collected 95 gold pieces.

Inventory:

Hand Weapons
 d - a +0 whip of freezing (weapon)
 h - the +3 hunting sling of Ynkiasur {freeze, rC+ Will- Stlth+}
   (You found it on level 2 of the Dungeon)

   Any ammunition fired from it freezes those it strikes, dealing additional
   cold damage.
   It can also slow down cold-blooded creatures.
   rC:        It protects you from cold.
   Will:      It decreases your willpower.
   Stlth:     It makes you more stealthy.
Missiles
 i - 40 stones (quivered)
Armour
 a - a +0 robe
 j - a scarf of resistance (worn)
 n - a +0 scale mail (worn)
Jewellery
 c - a +6 ring of dexterity (left claw)
 f - a ring of willpower (right claw)
Wands
 k - a wand of mindburst (6)
Scrolls
 b - 2 scrolls of identify {unknown}
 e - a scroll of holy word {unknown}
 m - a scroll of vulnerability {unknown}
Potions
 g - 2 potions of curing {unknown}
 l - a potion of lignification {unknown}


   Skills:
 + Level 4.1 Fighting
 + Level 3.3 Dodging
 + Level 3.4 Stealth
 + Level 4.0 Unarmed Combat


You had 3 spell levels left.
You didn't know any spells.
Your spell library contained the following spells:

 Spells                   Type           Power      Damage    Failure   Level
 Summon Small Mammal      Summ           0%         N/A       94%         1
 Call Canine Familiar     Summ           0%         N/A       100%        3
 Summon Guardian Golem    Hex/Summ       0%         N/A       100%        3


Dungeon Overview and Level Annotations

Branches:
Dungeon (3/15)

Altars:
Nemelex Xobeh
Xom
Zin

Shops:
D:3 [


Innate Abilities, Weirdness & Mutations

You thrive by killing the living.
You are immune to poison.
You have sharp fingernails.
Your flesh is cold resistant. (rC+)
You are immune to negative energy. (rN+++)
You do not regenerate when monsters are visible.
You are immune to unholy pain and torment.


Message History

The gnoll hits you with a +0 flail.
A kobold comes into view. It is wielding a +0 short sword.
The kobold shouts!
The kobold throws a stone.
The stone hits you but does no damage.
The kobold throws a stone.
The stone barely misses you.
The kobold throws a stone.
The stone barely misses you.
The kobold throws a stone.
The stone barely misses you.
The kobold throws a stone.
The stone hits you.
Found a stone staircase leading up.
The gnoll closely misses you.
Found a leather armour.
A ball python comes into view.
The gnoll throws a stone.
The stone hits you but does no damage.
Found a stone staircase leading down.
Found a whip.
There is a stone staircase leading up here.
The ball python completely misses you. The ball python misses you.
The ball python bites you but does no damage.
The ball python barely misses you.
There is a stone staircase leading down here.
The ball python bites you but does no damage.
The ball python grabs you.
You stop descending the stairs.
The ball python constricts you. The gnoll hits you with a +0 flail!
You escape the ball python's grasp.
You hit the ball python. You freeze the ball python.
You kill the ball python!
You feel better.
You hit the gnoll. You freeze the gnoll.
The gnoll is lightly wounded.
The gnoll hits you from afar with a +0 spear.
The gnoll barely misses you.
You hit the gnoll. You freeze the gnoll.
The gnoll is moderately wounded.
The gnoll hits you but does no damage. The gnoll hits you with a +0 flail!
* * * LOW HITPOINT WARNING * * *
You hit the gnoll. You freeze the gnoll.
The gnoll is severely wounded.
The gnoll barely misses you. The gnoll hits you with a +0 flail!
You die...
Your body glows with a rainbow of weird colours and disappears.

. #.........#
##.........#
.........K...#
####.....>...#
#....)....#
...........#
##..........#
...........g####
#...........g@.#
..P.P...#######
###+#####


You could see 2 gnolls.

Vanquished Creatures
  A jelly (D:2)
  A gnoll (D:3)
  An adder (D:2)
  A river rat (D:3)
  A worm (D:3)
  2 dart slugs
  2 orcs (D:3)
  4 endoplasms
  2 giant cockroaches
  2 goblins
  5 hobgoblins
  3 kobolds
  A quokka (D:2)
  5 ball pythons
  5 bats
  4 frilled lizards
  3 rats
43 creatures vanquished.

Notes
Turn   | Place    | Note
-------+----------+-------------------------------------------
     0 | D:1      | rukichi the Ghoul Monk began the quest for the Orb.
     0 | D:1      | Reached XP level 1. HP: 19/19 MP: 0/0
   246 | D:1      | Reached XP level 2. HP: 24/26 MP: 1/1
   577 | D:1      | Found a faded altar of an unknown god.
   587 | D:1      | Prayed at the altar of an unknown god.
   587 | D:1      | Became a worshipper of Nemelex Xobeh the Trickster
   587 | D:1      | Reached * piety under Nemelex Xobeh
   587 | D:1      | Received a gift from Nemelex Xobeh
   587 | D:1      | Reached ** piety under Nemelex Xobeh
   587 | D:1      | Received a gift from Nemelex Xobeh
   767 | D:2      | Identified the +3 hunting sling of Ynkiasur {freeze, rC+
                  | Will- Stlth+}
   818 | D:2      | Reached XP level 3. HP: 31/31 MP: 2/2
   826 | D:2      | Reached *** piety under Nemelex Xobeh
   833 | D:2      | Received a gift from Nemelex Xobeh
  1177 | D:2      | Reached XP level 4. HP: 14/40 MP: 3/3
  1842 | D:3      | Noticed Ijyb
  1867 | D:3      | Noticed Ijyb
  1867 | D:3      | Ijyb changed into Ijyb the river rat
  1869 | D:3      | HP: 1/40 [Ijyb the river rat (2)]
  1871 | D:3      | Killed Ijyb the river rat
  2295 | D:3      | Found Asetz's Armour Shoppe.
  2304 | D:3      | Found a shimmering altar of Xom.
  2360 | D:3      | Noticed an angel
  2451 | D:3      | Slain by a gnoll

Illustrated notes

Levels and vault maps discovered:
D:1:      dpeg_arrival_shrine, layout_rooms,
          shapermc_ecumenical_altar_notcrosses
D:2:      layout_loops_ring
D:3:      layout_basic, grunt_temple_overflow_order_and_chaos_1, serial_shops,
          nicolae_shop_crystal, cheibrodos_gnoll_hut, uniq_ijyb

Skill      XL: |  1  2  3  4 |
---------------+-------------+-----
Dodging        | 3 |  3.3
Stealth        | 3 |  3.4
Fighting       | 4 |  4.1
Unarmed Combat | 4 |  4.0

Action                   |  1- 3 |  4- 6 || total
-------------------------+-------+-------++-------
Melee: Unarmed           |    18 |    21 ||    39
       Whip              |    79 |    27 ||   106
       Punch             |     4 |     1 ||     5
 Fire: Hunting sling     |       |    21 ||    21
Invok: Draw Destruction  |     1 |     5 ||     6
       Draw Escape       |     1 |       ||     1
 Stab: Sleeping          |     7 |     2 ||     9
Armor: Robe              |    22 |     1 ||    23
       Scale mail        |       |    11 ||    11
Dodge: Dodged            |    80 |    36 ||   116
